 Dungeon Crawl Stone Soup version 0.31-a0-354-g827e0957a7 (webtiles) character file.

Game seed: 15711029526905530989

794 Gelion the Changeling (level 7, -2/67 HPs)
             Began as a Troll Shapeshifter on July 23, 2023.
             Killed by divine providence
             ... invoked by an orc priest
              (12 damage)
             ... on level 6 of the Dungeon.
             The game lasted 00:08:01 (4229 turns).

Gelion the Changeling (Troll Shapeshifter)          Turns: 4229, Time: 00:08:02

Health: -2/67      AC:  4    Str: 24    XL:     7   Next: 58%
Magic:  6/6        EV: 10    Int:  4    God:
Gold:   248        SH:  0    Dex: 12    Spells: 6/6 levels left

rFire   . .          .
                       - Unarmed
rCold   . . .        (no shield)
rNeg    . . .        a - +0 animal skin
rPois   .            (helmet currently unavailable)
rElec   .            (cloak currently unavailable)
rCorr   .            (gloves unavailable)
SInv    .            (boots unavailable)
Will    .....        (no amulet)
Stlth   +            (no ring)
HPRegen 1.11/turn    (no ring)
MPRegen 0.10/turn

%: no passive effects
@: beast-form
A: beast (slay +4), large, unfitting armour, claws 3, regeneration 1, shaggy fur
1, tough skin 1
a: Begin Untransformation


You were on level 6 of the Dungeon.
You were a hulking beast.
You visited 1 branch of the dungeon, and saw 6 of its levels.
You also visited: Sewer.

You collected 248 gold pieces.

Inventory:

Missiles
 i - 2 throwing nets
Armour
 a - a +0 animal skin (worn)
Talismans
 c - a beast talisman
Scrolls
 f - a scroll of butterflies
 h - a scroll of poison
 j - a scroll of blinking {unknown}
 l - a scroll of fear {unknown}
 m - 3 scrolls of identify
 n - 2 scrolls of teleportation {unknown}
Potions
 b - 2 potions of lignification
 d - 5 potions of enlightenment
 e - 2 potions of brilliance
 g - 3 potions of mutation {unknown}
 k - a potion of heal wounds {unknown}
 o - 2 potions of haste {unknown}


   Skills:
 + Level 3.4 Fighting
 - Level 1.5 Dodging
 + Level 5.1 Unarmed Combat
 * Level 5.9 Shapeshifting


You had 6 spell levels left.
You didn't know any spells.
Your spell library was empty.

Dungeon Overview and Level Annotations

Branches:
Dungeon (6/15)              Sewer (visited)
 Temple: D:4-7

Altars:
Elyvilon
Xom

Shops:
D:1 =   D:4 *


Innate Abilities, Weirdness & Mutations

You are a hulking beast.
Your limbs bulge with bestial killing power. (Slay +4)
You are too large for most types of armour.
You have claws for hands.
Your natural rate of healing is unusually fast.
You are covered in fur. (AC +1)
You have tough skin. (AC +1)


Message History

The orc priest is almost dead.
The orc completely misses you.
Unknown command.
You closely miss the orc priest.
The orc priest is almost dead.
The orc hits you but does no damage.
The orc priest calls down the wrath of Beogh upon you.
Beogh smites you! The orc hits you with a +0 club.
The orc hits you but does no damage.
The orc priest invokes the aid of Beogh against you.
Pain shoots through your body!
* * * LOW HITPOINT WARNING * * *
The orc closely misses you. The orc attacks as you move away!
The orc misses you.
The orc priest begins to cast a cantrip, but forgets the words!
The orc priest looks encouraged for a moment.
The ice beast hits you but does no damage.
You closely miss the orc. The orc closely misses you.
The orc hits you but does no damage. The orc barely misses you.
The orc priest hits you with a +0 club.
* * * LOW HITPOINT WARNING * * *
The ice beast closely misses you.
Unknown command.
You claw the orc!
You kill the orc!
The orc hits you with a +0 hand axe.
* * * LOW HITPOINT WARNING * * *
The orc hits you with a +0 club.
* * * LOW HITPOINT WARNING * * *
The ice beast closely misses you. The orc priest closely misses you.
You scratch the orc.
The orc is heavily wounded.
The orc hits you with a +0 hand axe.
* * * LOW HITPOINT WARNING * * *
The ice beast barely misses you. The orc hits you with a +0 flail.
* * * LOW HITPOINT WARNING * * *
The orc hits you but does no damage.
The orc priest invokes the aid of Beogh against you.
Beogh smites you!
You die...

...........###
#............
##.......#...##.
.#...............
...............
.........#...
.....#.Y.#.##
......ooho..#
.......ooo.##
.......)o.......
..............#.
..............#
..........#..##
.......>.##....
.......... .....
.......... ....


You could see an ice beast, 2 orc priests and 5 orcs.

Vanquished Creatures
  An ice beast (D:5)
  A scorpion (D:5)
  A howler monkey (D:5)
  2 hounds (D:5)
  A jelly (D:4)
  A sleepcap (D:4)
  2 iguanas
  3 orc wizards
  10 gnolls
  7 adders
  5 river rats
  2 worms
  16 dart slugs
  8 orcs
  8 endoplasms
  3 giant cockroaches
  4 hobgoblins
  15 jackals
  4 quokkas
  6 ball pythons
  12 bats
  3 frilled lizards
  5 goblins
  8 kobolds
  7 rats
135 creatures vanquished.

Notes
Turn   | Place    | Note
-------+----------+-------------------------------------------
     0 | D:1      | Gelion the Troll Shapeshifter began the quest for the Orb.
     0 | D:1      | Reached XP level 1. HP: 18/18 MP: 0/0
   123 | D:1      | Reached skill level 1 in Fighting
   158 | D:1      | Reached XP level 2. HP: 25/27 MP: 1/1
   187 | D:1      | Found Utuiphall's Jewellery Shop.
   443 | D:1      | Reached XP level 3. HP: 33/33 MP: 2/2
   792 | D:2      | Reached XP level 4. HP: 9/42 MP: 3/3
  1453 | D:3      | Found a white marble altar of Elyvilon.
  1612 | D:3      | Reached XP level 5. HP: 42/49 MP: 4/4
  2106 | D:4      | Reached XP level 6. HP: 59/59 MP: 5/5
  2260 | D:4      | Found a glowing drain.
  2277 | Sewer    | Entered a sewer
  2442 | Sewer    | Reached skill level 5 in Shapeshifting
  3337 | D:4      | Found Lonaig's General Store.
  3593 | D:5      | Entered Level 5 of the Dungeon
  3633 | D:5      | Noticed an ice beast
  3639 | D:5      | Killed an ice beast
  3640 | D:5      | Reached XP level 7. HP: 53/67 MP: 6/6
  3662 | D:5      | Found a shimmering altar of Xom.
  4045 | D:5      | Reached skill level 5 in Unarmed Combat
  4229 | D:6      | Killed from afar by an orc priest

Illustrated notes

Levels and vault maps discovered:
D:1:      dpeg_arrival_three_bigger_balls, layout_basic, serial_shops, shop
D:2:      layout_loops_ring
D:3:      cheibrodos_old_hovel, layout_basic, lemuel_doored_altar
D:4:      kennysheep_slugbush, layout_loops_corners, serial_shops, shop,
          portal_sewer_entry_b
D:5:      layout_loops_ring, mainiacjoe_overflow_boulevard,
          minmay_misc_feat_diagonals
D:6:      dreamdust_elfheim, layout_cave_pools, mainiacjoe_overflow_alcove_4,
          minmay_misc_feat_doors

Skill      XL: |  1  2  3  4  5  6  7 |
---------------+----------------------+-----
Fighting       | 1 2 3 |  3.4
Shapeshifting  | 4 5 |  5.9
Unarmed Combat | 4 5 |  5.1
Dodging        | |  1.5

Action                     |  1- 3 |  4- 6 |  7- 9 || total
---------------------------+-------+-------+-------++-------
  Melee: Unarmed           |    83 |   188 |    30 ||   301
         Punch             |     1 |     3 |     3 ||     7
    Use: Scroll            |     4 |     2 |       ||     6
   Stab: Distracted        |     1 |       |       ||     1
         Sleeping          |       |     1 |     1 ||     2
 Armour: Animal skin       |    26 |    49 |    11 ||    86
  Dodge: Dodged            |    55 |    94 |    19 ||   168

Table legend: (Time is in decaauts)
 A = Elapsed time spent in this place.
 B = Non-inter-level travel time spent in this place.
 C = Inter-level travel time spent in this place.
 D = Time resting spent in this place.
 E = Time spent auto-exploring this place.
 F = Levels seen in this place.
 G = Mean time per level.
                   A        B        C        D        E       F      G
               +--------+--------+--------+--------+--------+-----+--------+
         Total |   4207 |   3903 |    304 |     53 |   2962 |   7 |  601.0 |
       Dungeon |   3617 |   3313 |    304 |     53 |   2588 |   6 |  602.8 |
         Sewer |    589 |    589 |      0 |      0 |    374 |   1 |  589.0 |
               +--------+--------+--------+--------+--------+-----+--------+

Top non-repeatable levels by time:
     D:4: 1063 daAuts
     D:1: 727 daAuts
     D:3: 642 daAuts
     D:5: 620 daAuts
   Sewer: 589 daAuts
     D:2: 552 daAuts
     D:6: 11 daAuts
